 Dungeon Crawl Stone Soup version 0.25-a0-316-gd28d56f9c5 (webtiles) character file.

Game seed: 1882915552273521703, levelgen mode: deterministic

31558 Lanoc the Nimble (level 13, -2/111 HPs)
             Began as a Merfolk Berserker on Dec 25, 2019.
             Was an Elder of Trog.
             Slain by a meliai
             ... wielding a +0 hand axe
              (3 damage)
             ... on level 14 of the Dungeon.
             The game lasted 00:32:56 (15682 turns).

Lanoc the Nimble (Merfolk Berserker)               Turns: 15682, Time: 00:32:56

Health: -2/111     AC: 12    Str: 18    XL:     13   Next: 58%
Magic:  13/13      EV: 24    Int:  6    God:    Trog [****..]
Gold:   780        SH:  5    Dex: 18    Spells: 12/12 levels left

rFire    + . .     SeeInvis +   S - +2 demon trident (flame)
rCold    . . .     Gourm    .   M - +0 buckler
rNeg     + . .     Faith    +   C - +3 leather armour {rPois}
rPois    +         Spirit   .   Q - +0 helmet {SInv}
rElec    .         Reflect  .   (no cloak)
rCorr    .         Harm     .   u - +2 pair of gloves
MR       ++...                  (no boots)
Stlth    +.........             D - amulet of faith
HPRegen  1.28/turn              j - ring of positive energy
MPRegen  0.13/turn              v - ring of protection from fire

@: lethally poisoned (-2 -> -3), about to teleport, regenerating
A: change form in water, swift swim, stealthy swim
a: Berserk, Trog's Hand, Brothers in Arms, Renounce Religion


You were on level 14 of the Dungeon.
You worshipped Trog.
Trog was greatly pleased with you.
You were near starving.

You visited 2 branches of the dungeon, and saw 15 of its levels.
You also visited: Sewer, Bailey and Gauntlet.

You collected 780 gold pieces.

Inventory:

Hand Weapons
 b - a +2 halberd of electrocution
 n - a +0 hunting sling
 o - a +3 glaive of chopping
 L - a +3 glaive of flaming
 S - a +2 demon trident of flaming (weapon)
Missiles
 w - 66 sling bullets
Armour
 u - a +2 pair of gloves (worn)
 C - a +3 leather armour of poison resistance (worn)
 J - a +2 plate armour of poison resistance
 M - a +0 buckler (worn)
 P - the +4 large shield of Emufokiu {rPois rC+}
   (You found it on level 12 of the Dungeon)

   It protects you from cold.
   It protects you from poison.
 Q - a +0 helmet of see invisible (worn)
Jewellery
 f - an uncursed amulet of guardian spirit
 j - a ring of positive energy (left hand)
 t - an uncursed ring of flight
 v - a ring of protection from fire (right hand)
 D - an amulet of faith (around neck)
 K - an uncursed ring of see invisible {unknown}
Wands
 x - a wand of flame (33)
 y - a wand of scattershot (4)
 I - a wand of random effects (17)
 N - a wand of iceblast (9)
 O - a wand of paralysis (3)
Scrolls
 d - 3 scrolls of blinking
 e - 2 scrolls of enchant armour
 g - 4 scrolls of remove curse
 l - a scroll of enchant weapon
 q - 10 scrolls of teleportation
 r - 2 scrolls of fear
 A - 2 scrolls of magic mapping
 R - 2 scrolls of identify
Potions
 h - 9 potions of flight
 i - a potion of agility
 k - 3 potions of lignification
 m - 8 potions of heal wounds
 p - 3 potions of mutation {unknown}
 s - a potion of might
 z - 3 potions of ambrosia
 B - 2 potions of cancellation
 E - 6 potions of curing {unknown}
 F - 4 potions of magic {unknown}
 G - 3 potions of haste {unknown}
 H - a potion of experience
Comestibles
 c - 30 rations


   Skills:
 + Level 13.0 Fighting
 * Level 13.8 Polearms
 + Level 9.3 Armour
 + Level 14.9 Dodging
 - Level 4.0 Shields


You had 12 spell levels left.
You didn't know any spells.
Your spell library was empty.

Dungeon Overview and Level Annotations

Branches:
Dungeon (14/15)            Temple (1/1) D:6            Lair (0/6) D:11
    Orc (0/2) D:11          Sewer (visited)          Bailey (visited)
Gauntlet (visited)
 Vaults: D:13-14

Altars:
Ashenzari
Cheibriados
Elyvilon
Fedhas
Gozag
Hepliaklqana
Makhleb
Nemelex Xobeh
Okawaru
Qazlal
Ru
Sif Muna
Trog
Uskayaw
Wu Jian
Xom
Zin
The Shining One

Annotations:
D:8 2 transporters, onyx's ghost, novice TrWz


Message History

The meliai invokes the aid of its god against you.
Something smites you!
* * * LOW HITPOINT WARNING * * *
The meliai misses you. x2
Unknown command.
Unknown command.
You feel much better.
The meliai invokes the aid of its god against you.
Something smites you!
* * * LOW HITPOINT WARNING * * *
The meliai mumbles some strange prayers to its god against you.
Something smites you!
* * * LOW HITPOINT WARNING * * *
The meliai misses you. The meliai stings you!
* * * LOW HITPOINT WARNING * * *
You are poisoned.
The meliai poisons you! The meliai closely misses you. The meliai stings you.
* * * LOW HITPOINT WARNING * * *
The meliai hits you with a +0 hand axe.
You die...

#......≈≈..........#
#####
#...#.≈≈≈≈.........#
#...
#....≈≈≈≈.........
#...
#....≈≈≈≈....####
#... #......≈≈≈...#
#... #......≈≈≈...#
#... #...≈.≈≈≈....#
#... #....≈≈≈≈≈...#
#### #....≈≈≈.≈..@#
####
.#≈...≈..yyy.....#
#...
#≈≈.≈≈.≈........#
#...
..≈≈≈..........#
#..> .≈≈≈≈.........#
#... ..≈≈..........#
#... ..≈≈.##.......#
#... .#≈≈# #........
#... #...


You could see 3 meliai.

Vanquished Creatures
  Louise (D:14)
  A minotaur (Gauntlet)
  A hydra (D:11)
  A catoblepas (Gauntlet)
  A centaur warrior (D:14)
  4 two-headed ogres
  A tengu warrior (D:10)
  7 skeletal warriors (D:14)
  A fire crab (Gauntlet)
  An unseen horror (D:11)
  A deep elf mage (D:12)
  A wizard (D:14)
  A wolf spider zombie (D:12)
  5 ugly things
  A cyclops (D:12)
  A gargoyle (D:10)
  4 kobold demonologists (D:14)
  3 meliai (D:12)
  A tengu conjurer (D:13)
  A queen bee (shapeshifter) (D:13)
  2 trolls (D:13)
  Prince Ribbit (D:7)
  4 slime creatures (D:12)
  4 hippogriffs
  A centaur simulacrum (D:14)
  A vampire (D:11)
  A shadow (D:14)
  5 yaks
  A wyvern (D:11)
  2 hungry ghosts
  3 fire bats (Gauntlet)
  4 vampire mosquitoes (D:11)
  Duvessa (D:6)
  3 porcupines (D:11)
  A water moccasin (D:10)
  2 black bears
  3 ice beasts
  7 orc warriors
  3 necrophages (D:6)
  An eye of draining (shapeshifter) (D:14)
  4 phantoms
  4 ogres
  3 sky beasts
  9 centaurs
  2 crocodiles
  6 big kobolds
  14 bullfrogs
  2 gnoll sergeants
  A wyvern zombie (D:7)
  Dowan (D:6)
  4 scorpions
  17 killer bees
  3 crimson imps
  2 bullfrog zombies (D:6)
  3 centaur zombies
  9 orc priests
  2 centaur skeletons
  2 gnoll shamans (D:8)
  3 quasits
  4 hounds
  5 jellies
  2 bullfrog skeletons
  4 iguanas
  2 merfolk sirens (Sewer)
  9 orc wizards
  8 worker ants
  A merfolk avatar (Sewer)
  2 howler monkey zombies
  A howler monkey skeleton (D:7)
  38 gnolls
  13 adders
  3 river rats (Sewer)
  3 shadow imps
  A worm (D:3)
  8 leopard geckos
  41 orcs
  6 giant cockroaches
  8 goblins
  15 hobgoblins
  9 jackals
  4 quokkas
  4 ball pythons
  8 bats
  10 frilled lizards
  2 jackal zombies (D:6)
  32 kobolds
  2 leopard gecko skeletons
  24 rats
  A bush (D:6)
449 creatures vanquished.

Vanquished Creatures (collateral kills)
  A hobgoblin (Bailey)
  A kobold (Bailey)
2 creatures vanquished.

Vanquished Creatures (others)
  22 fungi (D:11)
  14 plants
36 creatures vanquished.

Grand Total: 487 creatures vanquished

Notes
Turn   | Place    | Note
-------+----------+-------------------------------------------
     0 | D:1      | Lanoc the Merfolk Berserker began the quest for the Orb.
     0 | D:1      | Reached XP level 1. HP: 18/18 MP: 1/1
   238 | D:1      | Reached XP level 2. HP: 24/24 MP: 2/2
   598 | D:1      | Reached skill level 3 in Dodging
   655 | D:2      | Reached skill level 5 in Polearms
   708 | D:2      | Reached XP level 3. HP: 29/29 MP: 3/3
   998 | D:2      | Noticed an ogre
  1007 | D:2      | Killed an ogre
  1007 | D:2      | Reached XP level 4. HP: 32/37 MP: 4/4
  1007 | D:2      | Reached XP level 5. HP: 37/42 MP: 5/5
  1159 | D:2      | Reached ** piety under Trog
  1219 | D:3      | Found an ornate altar of the Wu Jian Council.
  1263 | D:3      | Reached skill level 4 in Dodging
  1296 | D:3      | Found a glowing drain.
  1345 | Sewer    | Entered a sewer
  1402 | Sewer    | Reached XP level 6. HP: 49/49 MP: 6/6
  1534 | Sewer    | Reached *** piety under Trog
  2204 | D:3      | Found a burning altar of Makhleb.
  2595 | D:4      | Reached **** piety under Trog
  2610 | D:4      | Found a sparkling altar of Nemelex Xobeh.
  2855 | D:4      | Reached XP level 7. HP: 51/55 MP: 7/7
  3071 | D:5      | Entered Level 5 of the Dungeon
  3102 | D:5      | Reached skill level 5 in Dodging
  3291 | D:5      | Reached skill level 5 in Fighting
  4017 | D:6      | Noticed Duvessa
  4020 | D:6      | Noticed Dowan
  4034 | D:6      | Killed Duvessa
  4034 | D:6      | Reached XP level 8. HP: 63/63 MP: 8/8
  4051 | D:6      | Killed Dowan
  4061 | D:6      | Reached skill level 6 in Dodging
  4380 | D:6      | Reached skill level 10 in Polearms
  4496 | D:6      | Got an ichor-stained large shield
  4551 | D:6      | Found a staircase to the Ecumenical Temple.
  4562 | Temple   | Entered the Ecumenical Temple
  4665 | D:6      | Identified the +4 large shield of the Sneaky Eyes {rF+
                  | Int+7} (You found it on level 6 of the Dungeon)
  4755 | D:6      | Found a hide-covered altar of Uskayaw.
  4829 | D:6      | Found a blossoming altar of Fedhas.
  5554 | D:6      | Reached skill level 7 in Dodging
  5554 | D:6      | Reached XP level 9. HP: 61/70 MP: 9/9
  5743 | D:7      | Noticed Prince Ribbit
  5756 | D:7      | Killed Prince Ribbit
  5858 | D:7      | Found a flagged portal.
  5869 | Bailey   | Entered a bailey
  5993 | Bailey   | Reached ***** piety under Trog
  5993 | Bailey   | Received a gift from Trog
  6416 | D:7      | Reached skill level 8 in Dodging
  6778 | D:7      | Got a slimy mace
  6779 | D:7      | Identified the cursed +0 mace "Impbane" {flame, Int+2
                  | Dex+4} (You found it on level 7 of the Dungeon)
  6839 | D:8      | Noticed a two-headed ogre
  6840 | D:8      | Reached skill level 5 in Armour
  6846 | D:8      | Killed a two-headed ogre
  6846 | D:8      | Reached skill level 9 in Dodging
  6846 | D:8      | Reached XP level 10. HP: 50/80 MP: 10/10
  7076 | D:8      | Noticed an angel
  7077 | D:8      | Found a glowing silver altar of Zin.
  7078 | D:8      | Identified the +1 ring mail of Seuchy {rC+ Dex+4 Slay-2}
  7135 | D:8      | Found a transporter.
  7135 | D:8      | Noticed onyx's ghost (novice TrWz)
  7142 | D:8      | Found a transporter.
  7167 | D:8      | Got a brightly glowing leather armour
  7370 | D:8      | Found a shimmering altar of Xom.
  7815 | D:8      | Found a bloodstained altar of Trog.
  7972 | D:8      | Found a shimmering blue altar of Sif Muna.
  8028 | D:9      | Reached skill level 10 in Dodging
  8241 | D:9      | Noticed a two-headed ogre
  8250 | D:9      | Killed a two-headed ogre
  8337 | D:9      | Noticed a two-headed ogre
  8348 | D:9      | Killed a two-headed ogre
  8528 | D:9      | Received a gift from Trog
  8528 | D:9      | Reached XP level 11. HP: 86/89 MP: 11/11
  8530 | D:9      | Reached skill level 11 in Dodging
  8652 | D:9      | Identified the +1 leather armour "Noaklin" {rF++ rN+ Str-5
                  | Stlth+} (You found it on level 8 of the Dungeon)
  9038 | D:10     | Entered Level 10 of the Dungeon
  9160 | D:10     | Reached skill level 10 in Fighting
 10255 | D:10     | Noticed a tengu warrior
 10263 | D:10     | Killed a tengu warrior
 10263 | D:10     | Reached skill level 12 in Dodging
 10300 | D:11     | Found a staircase to the Orcish Mines.
 10332 | D:11     | Found a gate leading to a gauntlet.
 10364 | Gauntlet | Entered a Gauntlet
 10364 | Gauntlet | Found a transporter.
 10371 | Gauntlet | Noticed a death ooze
 10374 | Gauntlet | Found a transporter.
 10387 | Gauntlet | Noticed a fire crab
 10390 | Gauntlet | Found a transporter.
 10392 | Gauntlet | Found a transporter.
 10394 | Gauntlet | Noticed a death yak
 10394 | Gauntlet | Noticed a necromancer
 10397 | Gauntlet | Noticed a death yak
 10398 | Gauntlet | Noticed a death yak
 10398 | Gauntlet | Noticed a death yak
 10398 | Gauntlet | Noticed a death yak
 10401 | Gauntlet | Found a transporter.
 10406 | Gauntlet | Noticed a death yak
 10420 | Gauntlet | Noticed a catoblepas
 10422 | Gauntlet | Found a transporter.
 10432 | Gauntlet | Found a transporter.
 10442 | Gauntlet | Found a transporter.
 10462 | Gauntlet | Found a transporter.
 10477 | Gauntlet | Found a transporter.
 10478 | Gauntlet | Found a transporter.
 10522 | Gauntlet | Noticed a death drake
 10524 | Gauntlet | Found a transporter.
 10538 | Gauntlet | Found a transporter.
 10551 | Gauntlet | Found a transporter.
 10748 | Gauntlet | Killed a fire crab
 10873 | Gauntlet | Got a shimmering bone ring
 10901 | Gauntlet | Killed a catoblepas
 11218 | Gauntlet | Identified the +4 dagger "Spiderbane" {vamp, Str+4 SInv}
 11218 | Gauntlet | Noticed a minotaur
 11229 | Gauntlet | Killed a minotaur
 11229 | Gauntlet | Received a gift from Trog
 11304 | D:11     | Noticed an eight-headed hydra
 11315 | D:11     | Killed a 15-headed hydra
 11315 | D:11     | Reached skill level 13 in Dodging
 11315 | D:11     | Reached XP level 12. HP: 31/100 MP: 0/12
 11954 | D:11     | Found a staircase to the Lair.
 12511 | D:12     | Got a polished large shield
 12514 | D:12     | Identified the ring "Ephicou" {Fire Str+3 Dex+2 Slay-4
                  | SInv} (You found it in a Gauntlet)
 12526 | D:12     | Identified the +4 large shield of Emufokiu {rPois rC+} (You
                  | found it on level 12 of the Dungeon)
 13165 | D:12     | Reached skill level 14 in Dodging
 14043 | D:13     | Received a gift from Trog
 14086 | D:14     | Noticed Louise
 14103 | D:14     | Killed Louise
 14174 | D:14     | Noticed a two-headed ogre
 14178 | D:14     | Reached skill level 1 in Shields
 14178 | D:14     | Reached XP level 13. HP: 109/109 MP: 13/13
 14765 | D:14     | Received a gift from Trog
 15682 | D:14     | HP: 2/111 [meliai/+0 hand axe (8)]
 15682 | D:14     | Slain by a meliai

Levels and vault maps discovered:
D:1:      zaba_arrival_water, layout_loops_ring, nrook_campfire,
          hangedman_decor_riveting, columned_hall_lemuel
D:2:      layout_rooms, first_ration
D:3:      layout_basic, overflow_temple_1_default, cheibrodos_sewer_entry_drain,
          makhleb_heckhound_becter
D:4:      layout_basic, moated_statue, nemelex_spade_bored_becter
D:5:      layout_loops_corners
D:6:      layout_loops_ring, lemuel_round_altar, minmay_temple_entry_water_ring,
          eino_small_chamber_without_monster, fedhas_altar_decomposition,
          uniq_duvessa
D:7:      layout_cave_pools, enter_bailey_2, uniq_prince_ribbit1
D:8:      layout_basic, zin_angel, lemuel_blue_sif_altar, bloody_trog,
          kennysheep_mini, gammafunk_ghost_smash
D:9:      layout_basic
D:10:     layout_stronghold, grunt_tengu_nest
D:11:     layout_long_grid, due_lair_maze_entry_diamond, orc_0_dummy,
          gauntlet_entry_generic, dk_vineyard_2
D:12:     layout_irregular_city
D:13:     layout_rooms, minivault_26
D:14:     layout_stronghold, david_vaults_5, minmay_misc_feat_square,
          serial_rivers, chequers_serial_rivers_room_b,
          chequers_serial_rivers_small_3, chequers_serial_rivers_large_a,
          chequers_serial_rivers_room_a, chequers_serial_rivers_micro_d,
          chequers_serial_rivers_room_b, st_stairs_5, uniq_louise
Temple:   lightli_temple_of_artemis

Skill      XL: |  1  2  3  4  5  6  7  8  9 10 11 12 13 |
---------------+----------------------------------------+-----
Dodging        | 3 4 5 7 9 10 13 14 | 14.9
Polearms       | 5 6 7 9 10 12 13 | 13.8
Fighting       | 4 5 6 8 9 11 12 13 | 13.0
Armour         | 2 3 4 5 6 7 9 |  9.3
Shields        | 1 4 |  4.0

Action                   |  1- 3 |  4- 6 |  7- 9 | 10-12 | 13-15 || total
-------------------------+-------+-------+-------+-------+-------++-------
Melee: Spear             |    81 |   318 |   546 |       |       ||   945
       Tailslap          |       |    16 |       |       |     4 ||    20
       Halberd           |       |       |   120 |   596 |       ||   716
       Demon trident     |       |       |       |    33 |   202 ||   235
Invok: Berserk           |     3 |     5 |    11 |    15 |     6 ||    40
       Brothers in Arms  |       |       |     1 |     1 |     1 ||     3
       Trog's Hand       |       |       |       |     1 |     1 ||     2
  Use: Scroll            |       |     2 |     8 |    11 |     3 ||    24
       Potion            |       |       |     3 |     2 |     1 ||     6
 Stab: Sleeping          |     2 |     8 |       |     1 |       ||    11
       Distracted        |       |       |       |     1 |       ||     1
  Eat: Chunk             |     2 |    11 |    13 |    25 |     7 ||    58
       Ration            |       |       |     3 |     5 |     1 ||     9
Armor: Animal skin       |    10 |     7 |       |       |       ||    17
       Chain mail        |       |    29 |   155 |    51 |       ||   235
       Leather armour    |       |       |       |    82 |    15 ||    97
Dodge: Dodged            |    32 |   118 |   177 |   517 |    75 ||   919
Block: Buckler           |       |       |       |       |    22 ||    22

Table legend:
 A = Non-vault XP
 B = Vault XP
 C = Vault XP percentage of total XP
 D = Non-vault monster count
 E = Vault monster count
 F = Vault count percentage of total count
                 A         B        C        D         E       F
            +---------+---------+-------+---------+---------+-------
      Total |   36037 |    9047 |  20.1 |     342 |     108 |  24.0
            +---------+---------+-------+---------+---------+-------
        D:1 |      19 |       0 |   0.0 |      13 |       0 |   0.0
        D:2 |     186 |       0 |   0.0 |      20 |       0 |   0.0
        D:3 |      95 |      48 |  33.6 |      22 |       4 |  15.4
        D:4 |     129 |       0 |   0.0 |      12 |       0 |   0.0
        D:5 |     502 |       0 |   0.0 |       8 |       0 |   0.0
        D:6 |     554 |     704 |  56.0 |      13 |       9 |  40.9
        D:7 |    1348 |     268 |  16.6 |      33 |       1 |   2.9
        D:8 |    2035 |       0 |   0.0 |      28 |       0 |   0.0
        D:9 |    3917 |       0 |   0.0 |      35 |       0 |   0.0
       D:10 |    3057 |     868 |  22.1 |      41 |       1 |   2.4
       D:11 |    3896 |    1208 |  23.7 |      38 |       9 |  19.1
       D:12 |    4317 |       0 |   0.0 |      18 |       0 |   0.0
       D:13 |    2138 |       0 |   0.0 |      18 |       0 |   0.0
       D:14 |   13844 |    1805 |  11.5 |      43 |       3 |   6.5
      Sewer |       0 |     211 | 100.0 |       0 |      41 | 100.0
     Bailey |       0 |     347 | 100.0 |       0 |      34 | 100.0
   Gauntlet |       0 |    3588 | 100.0 |       0 |       6 | 100.0
            +---------+---------+-------+---------+---------+-------
